 Dungeon Crawl Stone Soup version 0.24-a0-725-gf1a930fc54 (webtiles) character file.

Game seed: 3818955129690522898, levelgen mode: deterministic

24 hackepeter the Shield-Bearer (level 3, -1/29 HPs)
             Began as a Human Fighter on Oct 1, 2019.
             Slain by Robin
             ... wielding a +0 falchion of flaming
              (4 damage)
             ... on level 2 of the Dungeon.
             The game lasted 00:02:00 (249 turns).

hackepeter the Shield-Bearer (Human Fighter)         Turns: 249, Time: 00:02:00

Health: -1/29      AC:  6    Str: 16    XL:     3   Next: 15%
Magic:  3/3        EV:  6    Int:  8    God:
Gold:   49         SH: 11    Dex: 13    Spells: 2/2 levels left

rFire    . . .     SeeInvis .   a - +0 war axe
rCold    . . .     Gourm    .   e - +2 shield
rNeg     . . .     Faith    .   b - +0 scale mail
rPois    .         Spirit   .   (no helmet)
rElec    .         Reflect  .   (no cloak)
rCorr    .         Harm     .   (no gloves)
MR       .....                  (no boots)
Stlth    ..........             (no amulet)
HPRegen  0.09/turn              (no ring)
MPRegen  0.08/turn              (no ring)

@: no status effects
A: no striking features
a: no special abilities


You were on level 2 of the Dungeon.
You were not hungry.

You visited 1 branch of the dungeon, and saw 2 of its levels.

You collected 49 gold pieces.

Inventory:

Hand Weapons
 a - a +0 war axe (weapon)
Missiles
 c - 19 sling bullets
Armour
 b - a +0 scale mail (worn)
 e - a +2 shield (worn)
Jewellery
 h - a cursed ring of teleportation {unknown}
Scrolls
 i - a scroll of noise {unknown}
 j - a scroll of teleportation {unknown}
Potions
 d - a potion of might
Comestibles
 f - a ration


   Skills:
 + Level 3.2 Fighting
 * Level 2.5 Axes
 + Level 3.1 Armour
 + Level 3.3 Shields


You had 2 spell levels left.
You didn't know any spells.
Your spell library was empty.

Dungeon Overview and Level Annotations

Branches:
Dungeon (2/15)

Altars:

Annotations:
D:2 Robin


Message History

Aim: Robin, wielding a +0 falchion of flaming, wearing a +0 animal skin and wearing a +0 helmet You throw a poisoned dart.
The poisoned dart closely misses Robin.
You hit Robin.
Robin is lightly wounded.
You block Robin's attack. Robin throws the goblin at you!
The goblin hits you with a +0 club.
You hit Robin.
Robin is moderately wounded.
Your scale mail prevents you from hitting the goblin.
Robin closely misses you. The goblin hits you with a +0 club!
* * * LOW HITPOINT WARNING * * *
You hit Robin.
Robin is moderately wounded.
Your shield and scale mail prevent you from hitting the goblin.
You closely miss the hobgoblin. The hobgoblin hits you with a +0 club.
* * * LOW HITPOINT WARNING * * *
You block Robin's attack. You block the goblin's attack.
The hobgoblin closely misses you.
Robin hits you with a +0 falchion of flaming.
You die...

.# #)# ##..
#####(..
#(...(#.## #.#
#....(#..# #.#
#.....##.#####.#
#.<...†gg)...#.#
#.....##@###.#.#
#....†##.g##.#.#
###
#####)###.##.#†#
#.# #.###..#.#.#
#.#
.................#
#.#
############...#.#
#.# ##..#.# #.#
#..#.# #.#
#..#.####.#


You could see Robin, a hobgoblin and a goblin.

Vanquished Creatures
  A dart slug (D:2)
  4 jackals (D:1)
  3 kobolds
  8 goblins
  3 rats
19 creatures vanquished.

Notes
Turn   | Place    | Note
-------+----------+-------------------------------------------
     0 | D:1      | hackepeter the Human Fighter began the quest for the Orb.
     0 | D:1      | Reached XP level 1. HP: 18/18 MP: 1/1
   102 | D:1      | Reached XP level 2. HP: 12/24 MP: 2/2
   144 | D:1      | You fall into a shaft and drop 1 floor!
   233 | D:2      | Reached XP level 3. HP: 19/29 MP: 3/3
   239 | D:2      | Noticed Robin
   249 | D:2      | Slain by Robin

Levels and vault maps discovered:
D:1:      noname_arrival_rooms_in_the_neighbourhood, layout_rooms
D:2:      layout_basic, uniq_robin

Action                   || total
-------------------------++-------
Melee: War axe           ||    36
Throw: Dart              ||     7
Armor: Scale mail        ||    23
Dodge: Dodged            ||     8
Block: Shield            ||    26

Table legend:
 A = Non-vault XP
 B = Vault XP
 C = Vault XP percentage of total XP
 D = Non-vault monster count
 E = Vault monster count
 F = Vault count percentage of total count
                 A         B        C        D         E       F
            +---------+---------+-------+---------+---------+-------
      Total |      21 |      14 |  40.0 |      12 |       7 |  36.8
            +---------+---------+-------+---------+---------+-------
        D:1 |      13 |       0 |   0.0 |       8 |       0 |   0.0
        D:2 |       8 |      14 |  63.6 |       4 |       7 |  63.6
            +---------+---------+-------+---------+---------+-------
